Bacon, chaotic female elven Monk ----- -------.-- ------ |...|####.......`.| |....| |...| |........| .`....# #|...| |........| |....|# ----------- ###--.-- |........| |....|# |.?????.??| ########## |........| -.----### |.????????| #### ## --.------- ## # |.??+?+???| --------#### #### ## # ###|.@...f???| |......-############## # #### ### )-..?????m@| |......| # # ## ## ### # ----------- |......|# -.---.--.---- #### # |.>....| |...........| # ### -.-------- -------- |...........| ##` # |........| |...........| # ##.........| |............### |...<....| |...........| ---------- ------------- Bacon the Novice Experience level: 4 Strength: 16 Dexterity: 16 Constitution: 10 Intelligence: 10 Wisdom: 10 Charisma: 13 Health: 0(36) Energy: 25(25) Def: 9 Gold: 239 Moves: 891 Dungeon seed: tLiYUCc70nfVCDKh Game ID: Bacon_1512319037 Your Inventory: Coins $ - 239 gold pieces Armor e - an uncursed +2 pair of leather gloves (being worn) n - a blessed +4 robe (being worn) Comestibles d - 3 uncursed food rations f - 6 uncursed apples g - 6 uncursed oranges Scrolls b - an uncursed scroll of light Potions c - 3 uncursed potions of healing o - an uncursed potion of object detection r - an uncursed potion of fruit juice v - an uncursed potion of restore ability Rings l - an uncursed +1 ring of protection Wands m - an uncursed wand of secret door detection (0:12) Tools i - an uncursed oil lamp (0:1072) Spells and supernatural/magical abilities: Spells marked with '*' are forgotten. Spells marked with '!' are maintained. Spells marked with '#' are aliased with 'castalias'. Name Level Category Fail Memory z - sleep 1 enchantment 0% 100% W - pray for help -- divine ? -- Your skills at the end: Fighting Skills martial arts [Basic] wands [Basic] Weapon Skills Spellcasting Skills healing spells [Basic] Final Attributes: You were immune to sleep. You were poison resistant. You saw invisible. You had infravision. You were held by a giant mimic. You were fast. You were lucky. You are dead. Vanquished creatures: a large mimic an acid blob 5 geckos 4 jackals a fox a kobold 2 goblins 2 grid bugs 2 lichens 3 newts 22 creatures vanquished. Voluntary challenges: You were vegetarian. You never hit with a wielded weapon. You read items or engraved 6 times, starting on turn 248. You never genocided any monsters. You never polymorphed an object. You never changed form. You used no wishes. You never split a pudding. You wrote Elbereth's name 1 time, starting on turn 248. You never violated your personal moral code. Dungeon overview: The Dungeons of Doom: levels 1 to 3 Level 1 a fountain a long staircase Level 2 an altar to Huan Ti, a fountain Level 3 <- You were here a scroll shop History has recorded: On T:1 you entered the Dungeons of Doom to retrieve the Amulet of Yendor! On T:218 you reached level 2 of The Dungeons of Doom. On T:478 you advanced to experience level 2. On T:525 you reached level 3 of The Dungeons of Doom. On T:707 you advanced to experience level 3. On T:881 you advanced to experience level 4. Score breakdown: Gold: 239 ( 8096 points) Experience: 4 levels ( 9649 points) Exploration: 3 levels ( 6.12%) ( 6123 points) Discoveries: 3 items ( 1.09%) ( 3133 points) Valuables value: (no points given unless you survive) Artifact value: 0 ( 0 points) Variety of kills: 10 monsters ( 2.63%) ( 4866 points) Turncount: 891 turns ( 0 points) Survival: died (score multiplied by 80%) Total score: 25493 Latest messages: Leonard drops a scroll. The large mimic misses. You hit the large mimic! You kill the large mimic! Welcome to experience level 4. You feel awake! Leonard picks up a scroll of light. There are a few objects here. (2x) Leonard eats a large mimic corpse. You see here a scroll labeled ELAM EBOW (100 zorkmids). You see here a scroll labeled READ ME (133 zorkmids). You see here a scroll labeled READ ME (100 zorkmids). You see here a scroll labeled ZELGO MER (300 zorkmids). You see here a scroll labeled GARVEN DEH (266 zorkmids). Wait! That's a giant mimic! You hit the giant mimic! The giant mimic hits! (2x) You cannot escape from the giant mimic! (4x) You hit the giant mimic! The giant mimic hits! (2x) You die... Enniscorthy gratefully inherits all your possessions. Final status: Goodbye Bacon the Monk, killed by a giant mimic... You died in The Dungeons of Doom on dungeon level 3 with 25493 points, and 239 pieces of gold, after 891 moves. You were level 4 with a maximum of 36 hit points when you died.